 Dungeon Crawl Stone Soup version 0.28-a0-1447-ga5a8893891 (webtiles) character file.

Game seed: 1605430189899144139

164 Grognak the Chopper (level 5, -4/47 HPs)
             Began as a Minotaur Berserker on Jan 11, 2022.
             Was a Believer of Trog.
             Succumbed to an orc wizard's poison
             ... on level 3 of the Dungeon.
             The game lasted 00:02:27 (1974 turns).

Grognak the Chopper (Minotaur Berserker)            Turns: 1974, Time: 00:02:28

Health: -4/47      AC: 12    Str: 23    XL:     5   Next: 21%
Magic:  4/4        EV:  7    Int:  4    God:    Trog [**....]
Gold:   45         SH:  0    Dex: 10    Spells: 4/4 levels left

rFire   . . .      SeeInvis .   a - +0 hand axe
rCold   . . .      Faith    .   (no shield)
rNeg    . . .      Spirit   .   g - +0 plate armour
rPois   .          Reflect  .   (helmet restricted)
rElec   .          Harm     .   (no cloak)
rCorr   .          Rampage  .   (no gloves)
Will    .....                   o - +0 pair of boots
Stlth   ..........              (no amulet)
HPRegen 0.15/turn               (no ring)
MPRegen 0.09/turn               (no ring)

@: lethally poisoned (-4 -> -35)
A: horns 2, retaliatory headbutt
a: Renounce Religion, Berserk, Trog's Hand


You were on level 3 of the Dungeon.
You worshipped Trog.
Trog was pleased with you.
You visited 1 branch of the dungeon, and saw 3 of its levels.

You collected 45 gold pieces.

Inventory:

Hand Weapons
 a - a +0 hand axe (weapon)
Armour
 g - a +0 plate armour (worn)
 o - a +0 pair of boots (worn)
Jewellery
 b - a ring of fire
Wands
 m - a wand of polymorph (8)
Scrolls
 c - a scroll of immolation {unknown}
 d - 2 scrolls of identify
 f - a scroll of enchant armour
 h - a scroll of noise {unknown}
 i - 2 scrolls of blinking {unknown}
 j - a scroll of enchant weapon {unknown}
 l - a scroll of fog {unknown}
Potions
 e - 2 potions of curing {unknown}
 k - a potion of brilliance {unknown}
 n - a potion of invisibility {unknown}


   Skills:
 * Level 4.6 Fighting
 * Level 5.8 Axes
 * Level 3.3 Armour
 * Level 2.7 Dodging
 + Level 0.1 Stealth


You had 4 spell levels left.
You didn't know any spells.
Your spell library was empty.

Dungeon Overview and Level Annotations

Branches:
Dungeon (3/15)

Altars:


Innate Abilities, Weirdness & Mutations

You have a pair of horns on your head.
You reflexively headbutt those who attack you in melee.


Message History

You hit something.
You feel sick. Something hits you but does no damage.
You miss something. Your headbutt misses something.
You feel sick. Something hits you but does no damage.
You barely miss something.
You feel sick. Something hits you.
You are more poisoned.
You hit something. Your headbutt misses something.
You feel very sick. Something hits you but does no damage.
You are more poisoned.
You closely miss something. Your headbutt misses something.
You feel very sick. Something hits you but does no damage.
You are more poisoned.
You miss something.
You feel very sick. Something hits you but does no damage.
You are lethally poisoned!
You closely miss something. Your punch misses something.
You feel extremely sick. Something hits you but does no damage.
You barely miss something. Your headbutt misses something.
You feel very sick. Something completely misses you.
You barely miss something.
You feel very sick. Something hits you but does no damage.
You are more poisoned.
You miss something.
* * * LOW HITPOINT WARNING * * *
You feel very sick. Something hits you but does no damage.
You are more poisoned.
You hit something.
* * * LOW HITPOINT WARNING * * *
You feel extremely sick. Something hits you.
* * * LOW HITPOINT WARNING * * *
You are more poisoned.
You miss something.
You die...

#. .. #.#
#..# #..# #..
#..###
#{@.### #.#
#...#)..# #.#
#.#####.###.#
#. #..##.# #
##.##.#
#.##.# #..#.#
##...# #..##


There were no monsters in sight!

Vanquished Creatures
  An ogre (D:2)
  Terence (D:2)
  A worm (D:2)
  A dart slug (D:2)
  3 orcs (D:3)
  7 ball pythons
  6 endoplasms
  6 giant cockroaches
  2 goblins (D:1)
  4 hobgoblins
  2 jackals (D:1)
  2 quokkas (D:2)
  3 bats
  2 frilled lizards (D:1)
  7 rats
48 creatures vanquished.

Notes
Turn   | Place    | Note
-------+----------+-------------------------------------------
     0 | D:1      | Grognak the Minotaur Berserker began the quest for the Orb.
     0 | D:1      | Reached XP level 1. HP: 19/19 MP: 0/0
    55 | D:1      | Reached skill level 4 in Axes
    73 | D:1      | Reached XP level 2. HP: 3/27 MP: 1/1
   857 | D:1      | Reached XP level 3. HP: 33/33 MP: 2/2
  1408 | D:2      | Noticed an ogre
  1414 | D:2      | Killed an ogre
  1415 | D:2      | Reached skill level 5 in Axes
  1415 | D:2      | Reached XP level 4. HP: 41/41 MP: 3/3
  1464 | D:2      | Reached ** piety under Trog
  1545 | D:2      | Noticed Terence
  1551 | D:2      | Killed Terence
  1552 | D:2      | Reached XP level 5. HP: 47/47 MP: 4/4
  1973 | D:3      | HP: 2/47 [something (2)]
  1974 | D:3      | Succumbed to an orc wizard's poison

Illustrated notes

Levels and vault maps discovered:
D:1:      minmay_arrival_solitary_statue, layout_loops_ring, minmay_pentomino_z4
D:2:      layout_basic, uniq_terence
D:3:      layout_rooms, mainiacjoe_overflow_tiny_flanked, minivault_24

Skill      XL: |  1  2  3 |
---------------+----------+-----
Axes           | 4 5 |  5.8
Fighting       | 4 |  4.6
Armour         | 3 |  3.3
Dodging        | |  2.7
Stealth        | |  0.1

Action                   |  1- 3 |  4- 6 || total
-------------------------+-------+-------++-------
Melee: Hand axe          |    82 |    34 ||   116
       Headbutt          |     8 |     3 ||    11
       Punch             |     1 |       ||     1
Invok: Berserk           |     2 |     1 ||     3
  Use: Scroll            |     2 |       ||     2
Armor: Animal skin       |     5 |       ||     5
       Plate armour      |    31 |    17 ||    48
Dodge: Dodged            |    35 |     4 ||    39

Table legend: (Time is in decaauts)
 A = Elapsed time spent in this place.
 B = Non-inter-level travel time spent in this place.
 C = Inter-level travel time spent in this place.
 D = Time resting spent in this place.
 E = Time spent auto-exploring this place.
 F = Levels seen in this place.
 G = Mean time per level.
                   A        B        C        D        E       F      G
               +--------+--------+--------+--------+--------+-----+--------+
         Total |   2014 |   1951 |     63 |     64 |   1545 |   3 |  671.3 |
       Dungeon |   2014 |   1951 |     63 |     64 |   1545 |   3 |  671.3 |
               +--------+--------+--------+--------+--------+-----+--------+

Top non-repeatable levels by time:
     D:1: 1051 daAuts
     D:2: 886 daAuts
     D:3: 76 daAuts
